 Dungeon Crawl Stone Soup version 0.18-a0-750-g37044d6 (webtiles) character file.

306 4thArraOfDagon the Chopper (level 5, -7/41 HPs)
             Began as a Demigod Gladiator on Dec 11, 2015.
             Killed by Freeze
             ... invoked by a deep elf mage
              (13 damage)
             ... on level 8 of the Dungeon.
             The game lasted 00:05:27 (1103 turns).

4thArraOfDagon the Chopper (Demigod Gladiator)      Turns: 1103, Time: 00:05:28

Health: -7/41      AC:  7    Str: 18    XL:     5   Next: 93%
Magic:  18/18      EV: 12    Int: 14    God:
Gold:   79         SH:  0    Dex: 16    Spells: 0 memorised, 4 levels left

rFire  . . .     SeeInvis .     s - +1 dagger (venom)
rCold  . . .     Clarity  .     k - +0 ring mail
rNeg   . . .     SustAt   +     (no shield)
rPois  .         Gourm    .     c - +0 helmet
rElec  .         Spirit   .     (no cloak)
rCorr  .         Dismiss  .     (no gloves)
rMut   .         Stasis   .     h - +0 pair of boots
MR     +....                    (no amulet)
Stlth  +.........               (no ring)
                                n - ring of magical power

@: lethally poisoned (-7 -> -12), exhausted, flying, very slightly contaminated,
hasted and slowed, invisible, somewhat resistant to hostile enchantments, very
unstealthy
A: talons 1, high mp 1, magic resistance 1, evolution 1, sustain attributes
a: no special abilities


You were on level 8 of the Dungeon.
You were hungry.

You visited 1 branch of the dungeon, and saw 8 of its levels.

You collected 79 gold pieces.

Inventory:

Hand Weapons
 a - a +0 war axe
 s - a +1 dagger of venom (weapon)
Missiles
 d - a throwing net (quivered)
 g - 4 needles of confusion
Armour
 c - a +0 helmet (worn)
 h - a +0 pair of boots (worn)
 k - a +0 ring mail (worn)
Jewellery
 n - a ring of magical power (left hand)
Wands
 b - a wand of random effects (4)
Scrolls
 f - 5 scrolls of identify {unknown}
 j - a scroll of remove curse {unknown}
 l - a scroll of fear {unknown}
 m - a scroll of magic mapping {unknown}
 o - a scroll of fog {unknown}
Potions
 q - a potion of haste
Comestibles
 e - a bread ration
 i - 3 meat rations


   Skills:
 - Level 1.7 Fighting
 * Level 4.7 Axes
 - Level 1.7 Throwing
 + Level 2.6 Armour
 - Level 3.0 Dodging
 + Level 2.4 Evocations


You had 4 spell levels left.
You didn't know any spells.

Dungeon Overview and Level Annotations

Branches:
Dungeon (8/15)             Temple (0/1) D:5
   Lair: D:8-11


Innate Abilities, Weirdness & Mutations

You have an increased reservoir of magic (+10% MP).
Your attributes are resistant to harm.
You have sharp toenails.
You are resistant to hostile enchantments.
You evolve.


Message History

You hit the deep elf mage.
The deep elf mage is poisoned.
The deep elf mage is lightly wounded.
You feel sick.
The deep elf mage hits you with a short sword.
* * * LOW HITPOINT WARNING * * *
You closely miss the deep elf mage.
The deep elf mage is moderately wounded.
The deep elf mage hits you but does no damage.
Throwing (i - inventory):
d - 2 throwing nets (quivered)
Press: ? - help, Shift-Dir - straight line, f - deep elf mage
Aim: a deep elf mage, wielding a short sword and wearing a leather armour (moderately wounded, poisoned)
You throw a throwing net.
The throwing net hits the deep elf mage.
The deep elf mage is caught in the net!
The deep elf mage is moderately wounded.
Your extra speed is starting to run out.
* * * LOW HITPOINT WARNING * * *
You feel sick. The deep elf mage casts a spell at you.
You die...

............g.....#
....#..#..........#
.......#..........#
....##$.....##..###
... ...#######..#
... #... ##.# #.#
#e# #@# #.# #.# #.#
#.. ... .$.. ....
######


You could see a deep elf mage (caught).

Vanquished Creatures
  A necrophage (D:6)
  A giant frog (D:8)
  A crimson imp (D:7)
  An orc wizard (D:7)
  A worker ant (D:5)
  2 gnolls (D:8)
  An adder (D:4)
  An adder zombie (D:8)
  4 orcs
  3 goblins
  A hobgoblin (D:2)
  8 jackals
  2 kobolds
  2 quokkas
  A rat (D:3)
30 creatures vanquished.

Vanquished Creatures (others)
  A gnoll (D:8)
1 creature vanquished.

Grand Total: 31 creatures vanquished

Notes
Turn   | Place    | Note
--------------------------------------------------------------
     0 | D:1      | 4thArraOfDagon the Demigod Gladiator began the quest for the Orb.
     0 | D:1      | Reached XP level 1. HP: 17/17 MP: 3/3
   121 | D:2      | Reached XP level 2. HP: 12/24 MP: 4/4
   129 | D:2      | Reached skill level 3 in Axes
   198 | D:3      | Found a glowing silver altar of Zin.
   233 | D:3      | Reached skill level 1 in Armour
   380 | D:5      | Entered Level 5 of the Dungeon
   463 | D:5      | Found a shimmering altar of Xom.
   472 | D:5      | Reached XP level 3. HP: 3/29 MP: 5/5
   495 | D:5      | Found a staircase to the Ecumenical Temple.
   621 | D:5      | Found a shimmering altar of Xom.
   622 | D:5      | Found a shimmering altar of Xom.
   622 | D:5      | Found a shimmering altar of Xom.
   622 | D:5      | Found a shimmering altar of Xom.
   622 | D:5      | Found a shimmering altar of Xom.
   655 | D:6      | Noticed a necrophage
   675 | D:6      | Killed a necrophage
   675 | D:6      | Reached skill level 4 in Axes
   675 | D:6      | Reached skill level 1 in Evocations
   675 | D:6      | Reached XP level 4. HP: 6/36 MP: 7/7
   836 | D:7      | Reached XP level 5. HP: 15/41 MP: 8/8
  1014 | D:7      | Noticed an orc warrior
  1047 | D:8      | Noticed a deep elf mage
  1076 | D:8      | Gained mutation: You have sharp toenails. [potion of mutation]
  1076 | D:8      | Gained mutation: You evolve. [potion of mutation]
  1076 | D:8      | Gained mutation: You are resistant to hostile enchantments. [potion of mutation]
  1103 | D:8      | Killed from afar by a deep elf mage

Vault maps used:
D:1:      noname_arrival_rooms_in_the_neighbourhood, tso_metal_star
D:3:      nicolae_overflow_hidden_temple, okawaru_metal_pillars_1_2, first_bread
D:5:      xom_redecorated, kiku_gazebo_pond_becter,
          minmay_temple_entry_glassed_door, uniq_menkaure
D:6:      lemuel_crystal_altar, lemuel_doored_altar
D:7:      grunt_livestock, minivault_5
D:8:      nicolae_dithmenos_through_a_glass_darkly

Action                   |  1- 3 |  4- 6 || total
-------------------------+-------+-------++-------
Melee: War axe           |    61 |     7 ||    68
       Dagger            |       |    53 ||    53
Throw: Throwing net      |     7 |     2 ||     9
Evoke: Wand              |     6 |       ||     6
  Use: Potion            |       |     7 ||     7
 Stab: Held in net/web   |     3 |     1 ||     4
       Invisible         |       |     7 ||     7
  Eat: Fruit             |       |     2 ||     2
